Map: Torres Crepusculares

Players

Naga

  • Race: Protoss Protoss
  • League: Platinum

JamesAeMe - Winner!

  • Race: Terran Terran
  • League: Diamond

VOD

Have the link to the VOD?

Description

Time

  • Played on: March 14, 2016, 8:16 p.m.
  • Length: 14:50
Show
View Real Time Build Order
Export as new Build Order

Naga Protoss 

Build Orders: 1 Gate Expand 

Get SALT Encoding   

  12  0:01  Probe (Chrono Boost)  
  13  0:12  Probe (Chrono Boost)  
  14  0:19  Pylon  
  14  0:22  Probe (Chrono Boost)  
  15  0:37  Probe (Chrono Boost)  
  15  0:40  Gateway  
  16  0:47  Assimilator  
  16  0:48  Probe (Chrono Boost)  
  17  0:58  Probe (Chrono Boost)  
  18  1:09  Probe (Chrono Boost)  
  19  1:22  Nexus  
  19  1:32  Cybernetics Core  
  19  1:35  Probe (Chrono Boost)  
  20  1:41  Pylon  
  20  1:45  Probe (Chrono Boost)  
  21  1:48  Assimilator  
  21  1:57  Probe (Chrono Boost)  
  22  2:08  Stalker, Probe (Chrono Boost)  
  25  2:19  Mothership Core (Chrono Boost)  
  25  2:20  Pylon  
  27  2:30  Warp Gate  
  27  2:36  Probe (Chrono Boost)  
  29  2:37  Probe (Chrono Boost)  
  29  2:42  Stalker  
  31  2:48  Probe x2 (Chrono Boost)  
  33  2:55  Robotics Facility  
  33  3:01  Pylon  
  33  3:03  Probe (Chrono Boost)  
  33  3:05  Probe (Chrono Boost)  
  35  3:22  Probe x2 (Chrono Boost)  
  37  3:29  Twilight Council  
  37  3:30  Stalker  
  37  3:32  Probe (Chrono Boost)  
  37  3:33  Probe (Chrono Boost)  
  41  3:42  Probe (Chrono Boost)  
  41  3:43  Probe (Chrono Boost)  
  41  3:45  Observer (Chrono Boost)  
  44  3:58  Gateway  
  44  4:00  Stalker  
  46  4:10  Assimilator  
  46  4:14  Dark Shrine  
  46  4:18  Pylon  
  46  4:19  Assimilator  
  46  4:22  Warp Prism (Chrono Boost), Pylon  
  46  4:23  Probe  
  48  4:24  Probe, Pylon  
  50  4:33  Probe  
  50  4:36  Probe  
  52  4:38  Gateway  
  52  4:43  Gateway  
  52  4:58  Probe x2 (Chrono Boost)  
  50  5:10  Stalker x2  
  54  5:33  Probe (Chrono Boost)  
  55  5:37  Dark Templar x3  
  60  5:43  Probe (Chrono Boost)  
  60  5:54  Stalker  
  59  6:16  Dark Templar  
  53  6:32  Probe x2 (Chrono Boost)  
  55  6:42  Probe (Chrono Boost)  
  55  6:43  Probe (Chrono Boost)  
  55  6:51  Forge  
  55  6:52  Forge  
  55  6:53  Probe (Chrono Boost)  
  56  6:58  Forge  
  56  7:00  Pylon  
  56  7:03  Probe (Chrono Boost)  
  56  7:08  Blink (Chrono Boost)  
  57  7:18  Robotics Bay, Pylon  
  57  7:23  Nexus  
  57  7:26  Pylon x2  
  57  7:27  Pylon  
  57  7:28  Probe  
  58  7:36  Stalker x3  
  64  7:40  Probe  
  64  7:41  Stalker  
  67  7:48  Protoss Ground Armor Level 1 (Chrono Boost)  
  67  7:52  Probe  
  67  7:53  Probe  
  69  7:59  Pylon  
  69  8:03  Probe  
  69  8:04  Protoss Ground Weapons Level 1 (Chrono Boost), Probe  
  71  8:14  Probe  
  71  8:16  Probe  
  71  8:17  Zealot x4  
  81  8:21  Colossus  
  81  8:24  Probe  
  88  8:28  Probe  
  89  8:45  Extended Thermal Lance (Chrono Boost)  
  89  8:54  Gateway  
  89  8:56  Gateway  
  89  8:58  Gateway  
  89  9:02  Zealot, Pylon  
  89  9:03  Zealot x3  
  97  9:10  Probe x2  
  97  9:12  Assimilator  
  99  9:18  Assimilator  
  99  9:21  Colossus  
  99  9:22  Probe  
  106  9:32  Zealot x2  
  106  9:33  Zealot x2  
  114  9:39  Protoss Ground Armor Level 2  
  114  9:44  Charge (Chrono Boost)  
  113  9:57  Dark Templar x2  
  113  10:15  Zealot x2  
  117  10:32  Colossus (Chrono Boost)  
  123  10:36  Gravitic Drive  
  123  10:38  Zealot x5  
  123  10:39  Zealot x2  
  137  10:43  Protoss Ground Weapons Level 2  
  137  10:44  Probe  
  137  10:45  Probe  
  137  10:46  Probe  
  140  10:52  Gateway x2  
  140  10:54  Gateway  
  140  10:58  Gateway, Probe x2  
  140  11:00  Pylon  
  140  11:02  Pylon  
  142  11:06  Pylon  
  142  11:16  Templar Archives  
  142  11:20  Colossus (Chrono Boost)  
  148  11:29  Zealot  
  148  11:30  Zealot x6  
  162  11:43  Psionic Storm  
  162  12:04  Zealot  
  162  12:05  High Templar x2  
  162  12:07  High Templar x3  
  174  12:18  Stalker  
  174  12:19  Stalker x2  
  154  12:39  Zealot x6  
  154  12:40  Zealot  
  112  12:50  Zealot x3  
  104  13:05  High Templar x2  
  106  13:07  Zealot  
  106  13:08  Zealot x2  
  106  13:09  Zealot x3  
  120  13:14  Stalker x3  
  126  13:38  Zealot x5  
  126  13:39  Zealot x4  
  126  13:40  Zealot x2  
  96  13:58  Zealot x2  
  96  13:59  Zealot x6  
  96  14:01  High Templar x2  
  112  14:07  High Templar  
  92  14:22  Zealot x3  
  92  14:23  Zealot  
  86  14:31  Zealot x3  
  71  14:40  Zealot x3  
Show
View Real Time Build Order
Export as new Build Order

JamesAeMe Terran - Winner!

Build Orders:  

Get SALT Encoding   

  12  0:01  SCV  
  13  0:13  SCV  
  14  0:18  Supply Depot  
  14  0:26  SCV  
  15  0:40  SCV  
  15  0:42  Barracks  
  16  0:46  Refinery  
  16  0:52  SCV  
  17  1:06  SCV  
  18  1:18  SCV  
  19  1:30  Barracks Reactor  
  19  1:33  Orbital Command  
  19  1:45  Command Center  
  19  1:55  Supply Depot  
  19  2:01  SCV  
  20  2:08  Factory  
  20  2:12  Marine x2  
  20  2:13  SCV  
  23  2:23  Refinery  
  23  2:25  SCV  
  24  2:30  Marine x2  
  26  2:37  SCV  
  27  2:47  Marine  
  27  2:48  Marine  
  29  2:53  Engineering Bay  
  29  2:54  Factory Tech Lab  
  29  2:57  Starport  
  29  3:03  SCV  
  30  3:06  Orbital Command  
  30  3:15  SCV, Marine  
  30  3:16  Marine  
  33  3:21  Siege Tank  
  36  3:29  Missile Turret  
  36  3:36  Missile Turret  
  36  3:41  Medivac  
  36  3:47  Marine x2  
  40  4:00  Supply Depot  
  40  4:04  Liberator  
  40  4:05  SCV  
  40  4:07  Marine x2  
  43  4:10  SCV  
  47  4:25  Supply Depot  
  47  4:26  SCV x2  
  49  4:39  Command Center  
  49  4:48  Marine x2  
  49  4:51  SCV x2  
  53  5:05  Cyclone  
  53  5:06  Marine x2  
  48  5:35  Marine x2  
  50  5:42  Starport Reactor  
  50  5:44  Siege Tank, Barracks  
  50  5:46  Barracks x3  
  53  5:53  Orbital Command, Marine  
  54  5:58  Marine  
  55  6:11  Marine  
  49  6:16  Marine  
  44  6:28  Marine  
  45  6:34  Marine  
  45  6:37  Missile Turret  
  46  6:46  Marine  
  47  6:48  Barracks Tech Lab x2  
  47  6:49  Barracks Reactor  
  47  6:50  Barracks Reactor  
  47  6:52  Marine, Medivac x2  
  51  6:54  Siege Tank  
  51  6:57  SCV  
  51  6:58  SCV  
  56  7:04  Marine  
  56  7:05  Missile Turret  
  57  7:09  SCV  
  57  7:10  Stimpack, Combat Shields, SCV, Marine  
  57  7:11  Marine x2  
  57  7:13  Missile Turret  
  62  7:16  SCV  
  62  7:20  Refinery  
  62  7:22  SCV x2, Marine  
  66  7:28  SCV, Marine  
  68  7:34  SCV  
  69  7:38  Marine  
  69  7:39  Marine x5  
  69  7:40  Marine  
  76  7:45  Marine  
  76  7:48  Supply Depot x2  
  76  7:51  Supply Depot  
  77  8:05  Refinery  
  77  8:06  Terran Infantry Weapons Level 1  
  77  8:10  Medivac, SCV x3, Siege Tank, Marine x2  
  87  8:13  Marine x5  
  87  8:18  Supply Depot  
  92  8:30  Marine x2  
  92  8:31  Marine x5  
  86  8:43  Marine  
  87  8:48  Marine x4  
  87  8:49  Marine x2  
  87  8:50  Siege Tank  
  87  8:52  Orbital Command  
  96  9:05  SCV x2  
  98  9:13  Marine x3  
  98  9:14  Marine x2  
  103  9:17  SCV x2  
  103  9:18  Marine  
  103  9:20  Missile Turret  
  103  9:23  Missile Turret  
  106  9:27  SCV  
  106  9:29  SCV x2  
  109  9:45  Supply Depot  
  109  9:47  Supply Depot  
  109  9:51  Supply Depot  
  109  9:53  Supply Depot  
  109  9:54  Supply Depot  
  109  10:00  Terran Infantry Armor Level 1  
  109  10:01  Supply Depot  
  109  10:03  Supply Depot  
  109  10:05  SCV  
  109  10:06  Medivac x2, SCV, Marine x3  
  117  10:08  Marine x5  
  117  10:09  SCV  
  123  10:14  Missile Turret  
  123  10:18  SCV  
  124  10:24  Marine  
  124  10:26  Marine x2  
  125  10:32  SCV x2  
  125  10:33  Missile Turret  
  127  10:36  Refinery x2, Viking x2  
  127  10:37  SCV  
  127  10:38  Starport, Marine x5  
  127  10:39  Siege Tank  
  127  10:42  Marine  
  141  10:44  SCV, Marine x2  
  144  10:55  Marine  
  144  10:56  Marine x3  
  148  10:57  Supply Depot  
  148  10:58  SCV x2  
  148  10:59  Supply Depot  
  150  11:05  Marine x3  
  150  11:06  Viking x2  
  150  11:10  Marine  
  158  11:12  Siege Tank  
  158  11:13  Marine x2  
  158  11:14  Marine  
  164  11:20  Marine  
  164  11:21  Starport Reactor  
  164  11:23  Marine x3  
  168  11:27  Marine  
  168  11:31  Marine x3  
  172  11:36  Viking x2  
  172  11:37  SCV x3  
  172  11:38  Marine  
  180  11:41  Marine  
  180  11:43  Supply Depot  
  180  11:47  Supply Depot  
  171  12:04  Marine x8  
  179  12:10  Supply Depot x2  
  179  12:14  Supply Depot  
  179  12:21  Marine  
  179  12:22  Marine x4  
  155  12:38  Marine x3  
  155  12:39  Marine x3  
  155  12:40  Marine x2  
  155  12:42  Liberator  
  140  12:54  Siege Tank  
  140  12:56  Marine x3  
  140  12:57  Marine x4  
  140  12:58  Marine  
  154  13:10  Medivac x2  
  154  13:11  Medivac  
  160  13:14  Marine x3  
  160  13:15  Marine x5  
  168  13:32  Marine x3  
  168  13:33  Marine  
  172  13:42  Marine x3  
  172  13:43  Marine  
  156  13:51  Marine  
  156  13:52  Marine x3  
  153  14:00  Marine x4  
  147  14:09  Marine x3  
  133  14:18  Marine x2  
  133  14:19  Marine x2  
  134  14:30  Marine x4  
Tags
 
Add a new tag
Caveats
  • Supply blocks, unpowered buildings, or Contaminate may cause inaccurate times.
  • Supply counts are checked every 10 seconds.